 Dungeon Crawl Stone Soup version 0.17-a0-1763-g847a857 (webtiles) character file.

73 luca467 the Skirmisher (level 4, -2/33 HPs)
             Began as an Octopode Fighter on Sept 5, 2015.
             Slain by an orc
             ... wielding a +0 war axe
              (6 damage)
             ... on level 3 of the Dungeon.
             The game lasted 00:07:45 (1841 turns).

luca467 the Skirmisher (Octopode Fighter)           Turns: 1841, Time: 00:07:45

Health: -2/33      AC:  1    Str: 15    XL:     4   Next: 27%
Magic:  4/4        EV: 10    Int: 10    God:
Gold:   41         SH:  8    Dex: 12    Spells: 0 memorised, 3 levels left

rFire  . . .     SeeInvis .     a - +0 long sword
rCold  . . .     Clarity  .     b - +0 shield
rNeg   . . .     SustAt   .     (helmet restricted)
rPois  .         Gourm    .     (no amulet)
rElec  .         Spirit   .     (no ring)
rCorr  .         Warding  .     (no ring)
rMut   .         Stasis   .     (no ring)
MR     .....                    (no ring)
Stlth  ++........               (no ring)
                                (no ring)
                                (no ring)
                                (no ring)

@: drained, not resistant to hostile enchantments, unstealthy
A: almost no armour, amphibious, 8 rings, constrict 8, camouflage 1, gelatinous
body 1
a: no special abilities


You were on level 3 of the Dungeon.
You were not hungry.

You visited 1 branch of the dungeon, and saw 3 of its levels.

You collected 41 gold pieces.

Inventory:

Hand weapons
 a - a +0 long sword (weapon)
Armour
 b - a +0 shield (worn)
Scrolls
 f - a scroll of noise {unknown}
 g - a scroll of random uselessness {unknown}
 i - 3 scrolls of identify {unknown}
 j - a scroll of teleportation {unknown}
 m - 3 scrolls of recharging {unknown}
Potions
 c - a potion of might
 e - a potion of agility {unknown}
 h - 2 potions of curing {unknown}
 k - a potion of cancellation {unknown}
Comestibles
 d - a bread ration
 l - a meat ration
 n - 4 fruits
 o - a slice of pizza


   Skills:
 + Level 4.1(3.5) Fighting
 + Level 3.3(2.7) Long Blades
 - Level 3.0(2.4) Dodging
 - Level 3.0(2.4) Shields


You had 3 spell levels left.
You didn't know any spells.

Dungeon Overview and Level Annotations

Branches:
Dungeon (3/15)

Altars:
Fedhas
Sif Muna


Innate Abilities, Weirdness & Mutations

You cannot wear most types of armour.
You are amphibious.
You can wear up to eight rings at the same time.
You can use your tentacles to constrict eight enemies at once.
Your skin changes colour to match your surroundings (Stealth).
Your rubbery body absorbs attacks (AC +1).


Message History

The orc throws a stone.
The stone closely misses you.
You see here a puce potion.
h - 2 puce potions (gained 1)
The orc throws a stone.
You block the stone.
The orc throws a stone.
The stone barely misses you.
The orc shouts!
The orc throws a stone.
The stone barely misses you.
The orc zaps a wand.
The bolt of negative energy hits you!
You feel drained.
Ouch! That really hurt!
* * * LOW HITPOINT WARNING * * *
It is a wand of draining.
You see here a stone.
You block the orc's attack.
You are too injured to fight recklessly!
You closely miss the orc. Your grab misses the orc.
Your squeeze misses the orc. You block the orc's attack.
You closely miss the orc. You grab the orc. You squeeze the orc.
The orc is heavily wounded.
You constrict the orc. The orc hits you with a war axe.
You die...

#....# #......#
####....# #......#
.......## #.##+###
#......#######.##.######
+.............).........
#.[(.....(.#..#.+.#...##
#.(..(.....#..#).......#
#..(..........#...#....#
#......@oo.####...####..
######(##..# ##+## .
#....o# #..#.#.#
#..#...# #... .o'. #..#.
#. #..## ##..


You could see 3 orcs.

Vanquished Creatures
  An orc wizard (D:3)
  An ooze (D:2)
  3 giant geckos
  An orc (D:3)
  4 giant cockroaches
  2 hobgoblins (D:2)
  3 jackals (D:1)
  2 quokkas (D:2)
  A ball python (D:2)
  5 bats (D:2)
  3 giant newts
  4 goblins
  9 kobolds
  5 rats
44 creatures vanquished.

Notes
Turn   | Place    | Note
--------------------------------------------------------------
     0 | D:1      | luca467 the Octopode Fighter began the quest for the Orb.
     0 | D:1      | Reached XP level 1. HP: 16/16 MP: 1/1
   438 | D:1      | Reached XP level 2. HP: 21/21 MP: 2/2
   841 | D:2      | Reached XP level 3. HP: 26/26 MP: 3/3
   951 | D:2      | Found a blossoming altar of Fedhas.
  1005 | D:2      | Found a deep blue altar of Sif Muna.
  1643 | D:3      | Reached skill level 4 in Fighting
  1643 | D:3      | Reached XP level 4. HP: 8/33 MP: 4/4
  1841 | D:3      | Slain by an orc

Vault maps used:
D:1:      dpeg_arrival_short_road
D:2:      overflow_temple_1_default, led_sif_pool, st_stairs_7, minivault_27
D:3:      evilmike_ruin_ashenzari, feat_on_display

Action                   |  1- 3 |  4- 6 || total
-------------------------+-------+-------++-------
Melee: Long sword        |    79 |     3 ||    82
 Stab: Sleeping          |     3 |       ||     3
  Eat: Chunk             |     2 |     1 ||     3
